 Dungeon Crawl Stone Soup version 0.31-a0-188-g5e087ee2ca (webtiles) character file.

Game seed: 16965355137873982216

82 qw the Shooter (level 4, -3/25 HPs)
             Began as a Deep Elf Hunter on June 23, 2023.
             Slain by a gnoll
             ... wielding a +0 spear
              (5 damage)
             ... on level 2 of the Dungeon.
             The game lasted 00:00:30 (776 turns).

qw the Shooter (Deep Elf Hunter)                     Turns: 776, Time: 00:00:30

Health: -3/25      AC:  5    Str: 10    XL:     4   Next: 21%
Magic:  6/6        EV: 11    Int: 14    God:
Gold:   82         SH:  0    Dex: 18    Spells: 3/3 levels left

rFire   . . .        Y - +0 shortbow
rCold   . . .        (shield currently unavailable)
rNeg    . . .        e - +0 ring mail
rPois   .            (no helmet)
rElec   .            (no cloak)
rCorr   .            (no gloves)
SInv    .            (no boots)
Will    .....        (no amulet)
Stlth   +            (no ring)
HPRegen 0.24/turn    (no ring)
MPRegen 0.10/turn

%: no passive effects
@: no status effects
A: no striking features
a: no special abilities


You were on level 2 of the Dungeon.
You visited 1 branch of the dungeon, and saw 2 of its levels.

You collected 82 gold pieces.


   Skills:
 - Level 1.5 Fighting
 + Level 7.6 Ranged Weapons
 - Level 2.4 Dodging
 - Level 1.2 Stealth


You had 3 spell levels left.
You didn't know any spells.
Your spell library was empty.

Inventory:

Hand Weapons
 Y - a +0 shortbow (weapon)
Armour
 e - a +0 ring mail (worn)
Scrolls
 g - a scroll of identify
Potions
 a - 2 potions of attraction {unknown}
 f - a potion of magic {unknown}
 h - a potion of degeneration {unknown}
 i - a potion of lignification {unknown}
 j - a potion of enlightenment {unknown}

Dungeon Overview and Level Annotations

Branches:
Dungeon (2/15)

Altars:


Message History

You shoot an arrow. The arrow hits the gnoll.
The gnoll shouts!
The gnoll is heavily wounded.
You hear a shout!
You shoot an arrow.
The arrow hits the gnoll but does no damage.
The gnoll is heavily wounded.
You shoot an arrow. The arrow closely misses the gnoll.
You hear a shout!
A gnoll comes into view. It is wielding a +0 whip.
A gnoll comes into view. It is wielding a +0 spear.
A kobold comes into view. It is wielding a +0 dagger.
You hear a shout!
You shoot an arrow. The arrow hits the gnoll.
The gnoll is severely wounded.
You shoot an arrow.
The arrow hits the gnoll but does no damage.
The gnoll is severely wounded.
A gnoll comes into view. It is wielding a +0 flail.
You shoot an arrow. The arrow hits the gnoll.
The gnoll is almost dead.
The kobold closely misses you. The gnoll barely misses you.
You shoot an arrow. The arrow hits the gnoll.
You kill the gnoll!
The kobold hits you with a +0 dagger.
You shoot an arrow. The arrow hits the gnoll.
The gnoll is moderately wounded.
The gnoll hits you but does no damage. The kobold misses you.
The gnoll hits you from afar with a +0 spear.
You shoot an arrow. The arrow hits the gnoll.
The gnoll is heavily wounded.
The gnoll hits you with a +0 whip. The kobold hits you but does no damage.
The gnoll hits you from afar with a +0 spear.
The kobold completely misses you. The gnoll hits you with a +0 whip.
The gnoll misses you.
You shoot an arrow. The arrow hits the gnoll.
The gnoll is severely wounded.
The gnoll hits you with a +0 whip. The kobold hits you with a +0 dagger.
The gnoll hits you from afar with a +0 spear.
You die...

###......#
#........#
.###
#.####.###
.... ... #.#
...# ## #.#
#..# #.# #
#gg## #.# ...
#gK#######.#
#..#@.....##.#
#....###....#
##.### #....#
... #....# .}
###
#########)...#
.. ..
.......)####
...##.###
#.......#
.........
####.......#
...##..#
##..........#


You could see 3 gnolls and a kobold.

Vanquished Creatures
  A gnoll (D:2)
  4 adders (D:2)
  4 bats
  An endoplasm (D:1)
  2 giant cockroaches (D:1)
  5 goblins
  4 hobgoblins
  A quokka (D:1)
  6 ball pythons (D:1)
  2 frilled lizards
  6 kobolds (D:1)
  2 rats (D:1)
38 creatures vanquished.

Notes
Turn   | Place    | Note
-------+----------+-------------------------------------------
     0 | D:1      | qw the Deep Elf Hunter began the quest for the Orb.
     0 | D:1      | Reached XP level 1. HP: 12/12 MP: 3/3
     0 | D:1      | 0 ||| qw: Version: 0.3-a-9-g12657ce
     0 | D:1      | 0 ||| qw: Game counter: 3305
     0 | D:1      | 0 ||| qw: Always use a shield: true
     0 | D:1      | 0 ||| qw: God list: Okawaru
     0 | D:1      | 0 ||| qw: Allow faded altars: false
     0 | D:1      | 0 ||| qw: Do Orc after D:15 true
     0 | D:1      | 0 ||| qw: Do second Lair branch before Depths: true
     0 | D:1      | 0 ||| qw: Lair rune preference: random
     0 | D:1      | 0 ||| qw: Plans: Normal
     0 | D:1      | 0 ||| PLANNING D:1-11
    95 | D:1      | 95 ||| Stepping ~*~*~tactically~*~*~ (outnumbered).
    99 | D:1      | Reached XP level 2. HP: 11/16 MP: 4/4
   102 | D:1      | Reached skill level 6 in Ranged Weapons
   366 | D:1      | Reached XP level 3. HP: 20/20 MP: 5/5
   505 | D:1      | 505 ||| UPGRADING to +0 ring mail.
   515 | D:1      | 515 ||| DROPPING +0 leather armour.
   516 | D:1      | 516 ||| READING 2 scrolls labelled VOINLAS SUYNWE.
   517 | D:1      | 517 ||| READING 2 scrolls labelled JACWIO UGACK.
   518 | D:1      | 518 ||| DROPPING scroll of fog.
   519 | D:1      | 519 ||| DROPPING scroll of butterflies.
   621 | D:2      | Reached skill level 7 in Ranged Weapons
   753 | D:2      | Reached XP level 4. HP: 22/25 MP: 6/6
   775 | D:2      | HP: 6/25 [gnoll/+0 whip (5)]
   776 | D:2      | HP: 2/25 [kobold/+0 dagger (1)]
   776 | D:2      | Slain by a gnoll

Levels and vault maps discovered:
D:1:      eino_arrival_cavern_a, layout_rooms
D:2:      layout_rooms, basic_altar, nicolae_elevator_lobby_asterisk

Skill      XL: |  1  2  3 |
---------------+----------+-----
Ranged Weapons | 6 7 |  7.6
Fighting       | |  1.5
Dodging        | |  2.4
Stealth        | |  1.2

Action                     |  1- 3 |  4- 6 || total
---------------------------+-------+-------++-------
   Fire: Shortbow          |   135 |    10 ||   145
    Use: Scroll            |     2 |       ||     2
 Armour: Leather armour    |     7 |       ||     7
         Ring mail         |    25 |     2 ||    27
  Dodge: Dodged            |    62 |     5 ||    67

Table legend:
 A = Non-vault XP
 B = Vault XP
 C = Vault XP percentage of total XP
 D = Non-vault monster count
 E = Vault monster count
 F = Vault count percentage of total count
                 A         B        C        D         E       F
            +---------+---------+-------+---------+---------+-------
      Total |     118 |       0 |   0.0 |      38 |       0 |   0.0
            +---------+---------+-------+---------+---------+-------
        D:1 |      43 |       0 |   0.0 |      28 |       0 |   0.0
        D:2 |      75 |       0 |   0.0 |      10 |       0 |   0.0
            +---------+---------+-------+---------+---------+-------
